 Dungeon Crawl Stone Soup version 0.28-a0-697-g47f3eba078 (webtiles) character file.

Game seed: 12661449114296329111

2002 KoroneIsBestGirl the Frost Mage (level 9, -3/57 HPs)
             Began as a Barachi Ice Elementalist on Oct 23, 2021.
             Was an Initiate of Gozag.
             Slain by an ice beast (12 damage)
             ... on level 6 of the Dungeon.
             The game lasted 00:12:06 (8223 turns).

KoroneIsBestGirl the Frost Mage (BaIE)              Turns: 8223, Time: 00:12:07

Health: -3/57      AC:  7    Str:  9    XL:     9   Next: 22%
Magic:  27/27      EV: 14    Int: 19    God:    Gozag
Gold:   130        SH:  0    Dex: 13    Spells: 5/20 levels left

rFire   . . .      SeeInvis .   y - +4 quarterstaff (chaos)
rCold   . . .      Faith    .   (shield currently unavailable)
rNeg    . . .      Spirit   .   w - +2 leather armour {rF+}
rPois   .          Reflect  .   (no helmet)
rElec   .          Harm     .   (no cloak)
rCorr   .          Rampage  .   (no gloves)
Will    .....                   x - +0 pair of boots
Stlth   ++........              (no amulet)
HPRegen 0.19/turn               v - ring of magical power
MPRegen 0.20/turn               (no ring)

@: fire susceptible, slow
A: amphibious, slowness 1, strong legs 1, +LOS
a: Hop, Renounce Religion, Potion Petition, Call Merchant, Bribe Branch


You were on level 6 of the Dungeon.
You worshipped Gozag.
Gozag was aware of your devotion.
You visited 1 branch of the dungeon, and saw 6 of its levels.

You collected 178 gold pieces.
You paid 48 gold pieces to Gozag.

Inventory:

Hand Weapons
 c - a +0 whip
 p - a +1 dagger of speed
 y - a +4 quarterstaff of chaos (weapon)
Missiles
 s - a throwing net
Armour
 w - a +2 leather armour of fire resistance (worn)
 x - a +0 pair of boots (worn)
Magical Staves
 A - a staff of fire
Jewellery
 v - a ring of magical power (left hand)
 z - a ring of fire
Wands
 q - a wand of flame (13)
Scrolls
 b - 4 scrolls of teleportation
 d - a scroll of identify
 e - a scroll of holy word
 i - 2 scrolls of silence
 j - a scroll of enchant armour
 k - a scroll of enchant weapon
 r - a scroll of immolation
 t - a scroll of noise
Potions
 f - 2 potions of cancellation {unknown}
 g - 4 potions of curing {unknown}
 h - a potion of resistance {unknown}
 l - a potion of mutation {unknown}
 m - 2 potions of flight {unknown}
 n - a potion of heal wounds {unknown}
 o - a potion of might {unknown}
 u - a potion of invisibility {unknown}


   Skills:
 * Level 6.5 Armour
 + Level 6.9 Dodging
 - Level 1.7 Stealth
 + Level 6.3 Spellcasting
 + Level 8.7 Ice Magic


You had 5 spell levels left.
You knew the following spells:

 Your Spells              Type           Power      Damage    Failure   Level
a - Freeze                Ice            100%       1d11      1%          1
b - Frozen Ramparts       Ice            78%        1d9       1%          3
c - Hailstorm             Conj/Ice       22%        3d7       24%         4
d - Summon Hydra          Summ           3%         N/A       100%        7

Your spell library contained the following spells:

 Spells                   Type           Power      Damage    Failure   Level
 Ozocubu's Armour         Ice            39%        N/A       1%          3
 Ensorcelled Hibernation  Hex/Ice        44%        N/A       3%          2
 Animate Skeleton         Necr           12%        N/A       14%         1
 Apportation              Tloc           12%        N/A       14%         1
 Sting                    Tmut/Pois      24%        1d4       14%         1
 Summon Small Mammal      Summ           24%        N/A       14%         1
 Blink                    Tloc           N/A        N/A       22%         2
 Poisonous Vapours        Pois/Air       12%        N/A       22%         2
 Static Discharge         Conj/Air       6%         N/A       22%         2
 Sublimation of Blood     Necr           3%         N/A       22%         2
 Wereblood                Tmut           6%         N/A       22%         2
 Dazzling Flash           Conj/Hex       12%        N/A       38%         3
 Gell's Gravitas          Tloc           3%         N/A       38%         3
 Lesser Beckoning         Tloc           6%         N/A       38%         3
 Teleport Other           Tloc           6%         N/A       38%         3
 Tukima's Dance           Hex            6%         N/A       38%         3
 Dispel Undead            Necr           6%         3d8       80%         4
 Olgreb's Toxic Radiance  Pois           6%         N/A       80%         4
 Sticky Flame             Conj/Fire      6%         2d3       80%         4
 Agony                    Necr           6%         N/A       98%         5
 Manifold Assault         Tloc           6%         N/A       98%         5
 Silence                  Hex/Air        3%         N/A       98%         5
 Dispersal                Tloc           3%         N/A       100%        6


Dungeon Overview and Level Annotations

Branches:
Dungeon (6/15)
 Temple: D:4-7

Altars:
Elyvilon
Fedhas
Gozag
Makhleb
Trog
Uskayaw
Ignis


Innate Abilities, Weirdness & Mutations

You are amphibious.
You cover ground slowly.
You can hop short distances.
You have an extended range of vision and can be seen from far away.


Message History

You start resting. "Attack, my last stalwart servants!" 2 fire elementals come into view.
There are monsters nearby!
There are monsters nearby!
There are monsters nearby!
There are monsters nearby!
You climb downwards.
There is a stone staircase leading up here.
You are too injured to fight recklessly!
You are too injured to fight recklessly!
You are too injured to fight recklessly!
You are too injured to fight recklessly!
You barely miss the ice beast.
The ice beast is heavily wounded.
The ice beast hits you but does no damage.
You hit the ice beast but do no damage.
The ice beast seems to speed up.
The ice beast is heavily wounded.
The ice beast hits you but does no damage. x2
You thump the ice beast!
The ice beast is severely wounded.
You are ready to hop once more.
The ice beast closely misses you.
The ice beast hits you but does no damage.
You hit the ice beast but do no damage.
The ice beast is severely wounded.
The ice beast hits you. The ice beast freezes you!
* * * LOW HITPOINT WARNING * * *
The ice beast hits you but does no damage.
You hit the ice beast but do no damage.
The ice beast is severely wounded.
The ice beast hits you but does no damage.
The ice beast closely misses you.
You closely miss the ice beast.
The ice beast is severely wounded.
The ice beast hits you.
* * * LOW HITPOINT WARNING * * *
The ice beast freezes you!
You die...
Your body crumbles into a pile of gold.

.. .. . .. ###.#.# ## #.
#...#.# #.. #.##...#.#
#. #.##+###........##
#.##................
#.........##......###
#.........#.........#
#...........#.#@..#
#..........:...Y..#.#.
..........$............#
............###.##.#.#.#
......#.....##.....# #
#...........#.#.#
#...........#.. #
#...........##..
#.#########.# ..#


You could see an ice beast (fast).

Vanquished Creatures
  Pikel (D:5)
  Grinder (D:5)
  Sigmund (D:4)
  Edmund (D:5)
  Menkaure (D:3)
  2 black bears
  A phantom (D:5)
  A kobold brigand (D:5)
  A scorpion (D:3)
  A hound (D:3)
  5 orc priests
  Crazy Yiuf (D:4)
  A jelly (D:2)
  A bullfrog skeleton (D:5)
  Jessica (D:2)
  2 iguanas
  2 orc wizards (D:3)
  Robin (D:3)
  6 adders
  An adder skeleton (D:4)
  4 worms
  5 dart slugs
  10 orcs
  2 endoplasms
  7 giant cockroaches
  7 hobgoblins
  13 jackals
  2 quokkas
  4 ball pythons
  5 bats
  4 frilled lizards
  14 goblins
  14 kobolds
  2 rats (D:1)
125 creatures vanquished.

Vanquished Creatures (others)
  20 foxfires (D:3)
20 creatures vanquished.

Grand Total: 145 creatures vanquished

Notes
Turn   | Place    | Note
-------+----------+-------------------------------------------
     0 | D:1      | KoroneIsBestGirl the Barachi Ice Elementalist began the
                  | quest for the Orb.
     0 | D:1      | Reached XP level 1. HP: 13/13 MP: 3/3
   203 | D:1      | Reached skill level 5 in Ice Magic
   203 | D:1      | Reached XP level 2. HP: 16/19 MP: 0/5
   969 | D:1      | Found a faded altar of an unknown god.
   976 | D:1      | Reached XP level 3. HP: 24/24 MP: 5/7
  1110 | D:1      | Prayed at the altar of an unknown god.
  1110 | D:1      | Became a worshipper of Ignis, the Dying Flame
  1526 | D:2      | Learned a level 3 spell: Frozen Ramparts
  1977 | D:2      | Reached XP level 4. HP: 30/30 MP: 1/8
  2041 | D:2      | Noticed Jessica
  2045 | D:2      | Killed Jessica
  2206 | D:2      | Reached XP level 5. HP: 30/35 MP: 4/10
  2715 | D:3      | Noticed Robin
  2721 | D:3      | Reached skill level 6 in Ice Magic
  2728 | D:3      | Killed Robin
  2905 | D:3      | Found a burning altar of Makhleb.
  3372 | D:3      | Found a hide-covered altar of Uskayaw.
  3526 | D:3      | Reached XP level 6. HP: 41/41 MP: 7/11
  4879 | D:4      | Noticed Menkaure
  5206 | D:3      | Killed Menkaure
  5207 | D:3      | Reached skill level 5 in Dodging
  5207 | D:3      | Reached skill level 7 in Ice Magic
  5207 | D:3      | Reached XP level 7. HP: 4/46 MP: 9/14
  5537 | D:4      | Found a white marble altar of Elyvilon.
  5797 | D:4      | Learned a level 4 spell: Hailstorm
  5805 | D:4      | Learned a level 7 spell: Summon Hydra
  5906 | D:4      | Noticed Sigmund
  5912 | D:4      | Killed Sigmund
  5913 | D:4      | Reached skill level 5 in Spellcasting
  6262 | D:4      | Found a runed translucent door.
  6263 | D:4      | Noticed Crazy Yiuf
  6269 | D:4      | Killed Crazy Yiuf
  6358 | D:4      | Found a blossoming altar of Fedhas.
  6402 | D:5      | Entered Level 5 of the Dungeon
  6412 | D:5      | Noticed Edmund
  6424 | D:5      | Killed Edmund
  6425 | D:5      | Reached XP level 8. HP: 40/52 MP: 16/16
  6911 | D:5      | Reached skill level 8 in Ice Magic
  7121 | D:5      | Noticed Pikel
  7139 | D:5      | Killed Pikel
  7140 | D:5      | Reached XP level 9. HP: 37/57 MP: 18/18
  7276 | D:5      | Found an opulent altar of Gozag.
  7280 | D:5      | Fell from the grace of Ignis
  7280 | D:5      | Became a worshipper of Gozag Ym Sagoz the Greedy
  7495 | D:5      | Found a bloodstained altar of Trog.
  7495 | D:5      | Noticed Grinder
  7502 | D:5      | Paralysed by Grinder for 7 turns
  7519 | D:5      | Paralysed by Grinder for 3 turns
  7534 | D:5      | Paralysed by Grinder for 6 turns
  7548 | D:5      | Paralysed by Grinder for 6 turns
  7945 | D:5      | Paralysed by Grinder for 2 turns
  7965 | D:5      | Killed Grinder
  8223 | D:6      | Slain by an ice beast

Illustrated notes

Levels and vault maps discovered:
D:1:      lightli_arrival_windingriver, layout_loops_ring,
          shapermc_ecumenical_altar_ellora
D:2:      layout_loops_ring, uniq_jessica
D:3:      layout_loops_corners, lemuel_crystal_altar, bloody_makhleb,
          chequers_serial_rivers_small_b, nrook_loot_triangle, uniq_robin
D:4:      layout_rooms, elyvilon_altar_5, fedhas_altar_4,
          uniq_crazy_yiuf_cottage, uniq_menkaure, uniq_sigmund
D:5:      layout_loops_cross, mainiacjoe_overflow_six_doors_small,
          mainiacjoe_overflow_alcove_2, minivault_26,
          minmay_a_box_with_orc_wizards_in_it, uniq_grinder, uniq_edmund,
          uniq_pikel
D:6:      layout_basic, nicolae_qazlal_general_emergency,
          nicolae_hepliaklqana_monster_ancestors, cheibriados_altar_1,
          grunt_temple_overflow_open

Skill      XL: |  1  2  3  4  5  6  7  8 |
---------------+-------------------------+-----
Ice Magic      | 5 6 7 8 |  8.7
Dodging        | 3 4 5 6 |  6.9
Spellcasting   | 3 4 5 6 |  6.3
Armour         | 3 6 |  6.5
Stealth        | |  1.7

Action                   |  1- 3 |  4- 6 |  7- 9 || total
-------------------------+-------+-------+-------++-------
Melee: Unarmed           |     2 |       |       ||     2
       Whip              |     3 |     3 |       ||     6
       Dagger            |       |    20 |    15 ||    35
       Quarterstaff      |       |       |    39 ||    39
 Cast: Freeze            |    57 |    62 |    71 ||   190
       Frozen Ramparts   |     1 |     8 |    15 ||    24
Invok: Foxfire Swarm     |       |     2 |       ||     2
 Abil: Hop               |     1 |     2 |     2 ||     5
  Use: Scroll            |       |     5 |     5 ||    10
Armor: Robe              |    11 |    11 |     5 ||    27
       Leather armour    |       |       |    39 ||    39
Dodge: Dodged            |    47 |    66 |    72 ||   185

Table legend: (Time is in decaauts)
 A = Elapsed time spent in this place.
 B = Non-inter-level travel time spent in this place.
 C = Inter-level travel time spent in this place.
 D = Time resting spent in this place.
 E = Time spent auto-exploring this place.
 F = Levels seen in this place.
 G = Mean time per level.
                   A        B        C        D        E       F      G
               +--------+--------+--------+--------+--------+-----+--------+
         Total |   8857 |   8596 |    261 |   1829 |   5729 |   6 | 1476.2 |
       Dungeon |   8857 |   8596 |    261 |   1829 |   5729 |   6 | 1476.2 |
               +--------+--------+--------+--------+--------+-----+--------+

Top non-repeatable levels by time:
     D:3: 3178 daAuts
     D:5: 1932 daAuts
     D:2: 1343 daAuts
     D:1: 1268 daAuts
     D:4: 1093 daAuts
     D:6: 40 daAuts
